[Event "Late-Titled-Tuesday-Blitz-October-10-2023"]
[Site "Chess.com"]
[Date "2023.10.10"]
[Round "3"]
[White "subham777"]
[Black "NowInChess"]
[Result "1-0"]
[WhiteElo "2529"]
[BlackElo "2218"]
[TimeControl "180+1"]
[EndTime "14:26:28 PDT"]
[Termination "subham777 won on time"]

1. e4 e6 2. Nf3 d5 3. Nc3 Nf6 4.
e5 Nfd7 5. d4 c5 6. dxc5 Nc6 7.
Bf4 Bxc5 8. Bd3 f6 9. exf6 Qxf6 10. Bg5 Qf7 11. Qe2 O-O 12. O-O-O Nb4 13. Be3 Bxe3+ 14.
Qxe3 Nxd3+ 15. Qxd3 Nc5 16. Qe3 Qf4 17. Rhe1 Bd7 18. Kb1 Qxe3 19. Rxe3 Rf6 20. b4 Na4 21. Ne5 Be8 22. f3 Rc8 23. Nxa4 Bxa4 24. Rd2 h6 25. Ra3 b5 26. Nd7 Rg6 27. Nc5 a5 28. Nxa4 bxa4 29. bxa5 Rb8+ 30. Kc1 Rb4 31. c3 Rc4 32. Rd4 Rxd4 33. cxd4 Rxg2 34. a6 Rg6 35. a7 Rf6 36. a8=Q+ 1-0

[Event "Late-Titled-Tuesday-Blitz-October-10-2023"]
[Site "Chess.com"]
[Date "2023.10.10"]
[Round "3"]
[White "Korchmar_Vasiliy"]
[Black "Msb2"]
[Result "1-0"]
[WhiteElo "2772"]
[BlackElo "3033"]
[TimeControl "180+1"]
[EndTime "14:26:29 PDT"]
[Termination "Korchmar_Vasiliy won by checkmate"]

1. e4 e6 2. d4 d5 3. e5 c5 4. c3 Nc6 5. Nf3 Nge7 6. Na3 Bd7 7.
Be2 cxd4 8. cxd4 Nf5 9. Nc2 Be7 10. Bd3 O-O 11. h4 f6 12. g4 fxe5 13. dxe5 Nxh4 14. Bxh7+ Kxh7 15. g5 Kg8 16. Nxh4 Be8 17. Qg4 Qd7 18. g6 Nxe5 19. Qh5 Nd3+ 20. Kd1 Nxf2+ 21. Ke1 Bxg6 22. Nxg6 Bd6 23. Qh7+ Kf7 24. Rf1 Bg3 25. Be3 Ke8 26.
Bxf2 Qb5 27. Nxf8 Be5 28. Qg6+ Kd8 29. Nxe6+ Kd7 30. Bd4 Qa5+ 31. b4 Qa6 32. Qf7+ Kc6 33. Bxe5 Kb5 34. Qd7+ Kc4 35. Qd6 Kd3 36. Qxd5+ Kxc2 37. Qd2# 1-0

[Event "Late-Titled-Tuesday-Blitz-October-10-2023"]
[Site "Chess.com"]
[Date "2023.10.10"]
[Round "3"]
[White "BlueWizzard"]
[Black "Mackster23"]
[Result "1-0"]
[WhiteElo "2910"]
[BlackElo "2681"]
[TimeControl "180+1"]
[EndTime "14:26:29 PDT"]
[Termination "BlueWizzard won by resignation"]

1. d4 Nf6 2. Nc3 d5 3. Bg5 e6 4.
Nf3 Be7 5. Qd3 h6 6. Bxf6 Bxf6 7.
e4 dxe4 8. Qxe4 O-O 9. Bd3 g6 10. h4 Bg7 11. O-O-O Nd7 12. g4 Nf6 13. Qf4 Nd5 14.
Nxd5 Qxd5 15. c4 Qd6 16. Ne5 Qe7 17. h5 g5 18. Qe4 f5 19. Qe2 Rd8 20. Bc2 c5 21.
dxc5 Rxd1+ 22. Rxd1 Qf6 23. Re1 Qxe5 24. Qxe5 Bxe5 25. Rxe5 fxg4 26. Be4 Kf7 27. c6 bxc6 28. Bxc6 Rb8 29. Kc2 Kf6 30. Rc5 e5 31. Kc3 Be6 32. b4 Rd8 33. Ra5 Bf5 34. b5 Rd3+ 35. Kb4 Rd2 36. Rxa7 Rxf2 37. b6 g3 38. Ra3 g2 39.
Bxg2 Rxg2 40. b7 1-0

[Event "Late-Titled-Tuesday-Blitz-October-10-2023"]
[Site "Chess.com"]
[Date "2023.10.10"]
[Round "3"]
[White "Grandmaster1369"]
[Black "Polish_fighter3000"]
[Result "0-1"]
[WhiteElo "2765"]
[BlackElo "3055"]
[TimeControl "180+1"]
[EndTime "14:26:33 PDT"]
[Termination "Polish_fighter3000 won by resignation"]

1. e4 c5 2. Nc3 Nc6 3. f4 e6 4.
Nf3 d5 5. Bb5 Nf6 6. e5 Nd7 7.
Bxc6 bxc6 8. d3 a5 9. O-O a4 10. Qe2 Be7 11. Nd1 c4 12. d4 c3 13. Qf2 cxb2 14.
Bxb2 O-O 15. Ne3 a3 16. Bc1 c5 17. c3 Ba6 18. Rd1 cxd4 19. cxd4 f5 20. Bd2 Nb6 21. Ba5 Bb5 22. Qe1 Ra6 23. Rab1 Qd7 24. Bb4 Bc4 25. Bxe7 Qxe7 26. Qd2 Rc8 27. Rdc1 h6 28.
h3 Na4 29. Kh2 Nb2 30. g4 fxg4 31. hxg4 Raa8 32. Ra1 Bd3 33. Kg3 Be4 34. Rxc8+ Rxc8 35. Rc1 Rf8 36. Rc5 Nd3 37. Rc3 Nxf4 38. Rxa3 Nh5+ 39. gxh5 Rxf3+ 0-1

[Event "Late-Titled-Tuesday-Blitz-October-10-2023"]
[Site "Chess.com"]
[Date "2023.10.10"]
[Round "3"]
[White "Blackwhite017"]
[Black "nicholas_ilic"]
[Result "0-1"]
[WhiteElo "2033"]
[BlackElo "2306"]
[TimeControl "180+1"]
[EndTime "14:26:33 PDT"]
[Termination "nicholas_ilic won by resignation"]

1. e4 c5 2. Nf3 Nc6 3. g3 g6 4.
Bg2 Bg7 5. O-O Nf6 6. Re1 e5 7. c3 d6 8. d4 Qc7 9. d5 Ne7 10. c4 O-O 11. Nc3 Ne8 12. h4 f5 13. Ng5 f4 14.
Ne6 Bxe6 15. dxe6 Qc8 16. Bh3 Qd8 17. Nd5 Nxd5 18. cxd5 g5 19. hxg5 Qxg5 20. Qg4 Qe7 21. gxf4 exf4 22. Bxf4 Kh8 23. Kh1 Bxb2 24. Rab1 Rg8 25.
Qxg8+ Kxg8 26. Rxb2 Qh4 27. Rg1+ Kh8 28. Rb3 Qxf4 29.
Rbg3 Nf6 30. Bf5 Nxe4 31. Bxe4 Qxe4+ 32. Kh2 Qxd5 33. e7 Qh5+ 34. Kg2 Qf7 35. Re1 Re8 36. Rf3 Qd5 37. Kg3 Qg5+ 38. Kh2 Rxe7 39. Rg3 Qh4+ 40.
Rh3 Qxh3+ 41. Kxh3 Rxe1 0-1

[Event "Late-Titled-Tuesday-Blitz-October-10-2023"]
[Site "Chess.com"]
[Date "2023.10.10"]
[Round "3"]
[White "Qvalda"]
[Black "Alphafischer2019"]
[Result "1-0"]
[WhiteElo "2396"]
[BlackElo "2573"]
[TimeControl "180+1"]
[EndTime "14:26:34 PDT"]
[Termination "Qvalda won by resignation"]

1. Nf3 d5 2. g3 Nf6 3. Bg2 g6 4. b3 Bg7 5. Bb2 O-O 6. c4 c6 7.
O-O Bf5 8. d3 Re8 9. Nbd2 a5 10.
a3 Nbd7 11. Nd4 e5 12. Nxf5 gxf5 13. Nf3 Ng4 14. Nh4 Qg5 15. cxd5 cxd5 16. Bxd5 Ndf6 17. Bxb7 Rab8 18. Bg2 f4 19. Qd2 Rxb3 20. Bc6 Reb8 21. Bc1 Qh5 22. Bf3 Bh6 23. Qxa5 R3b5 24. Qc7 Kg7 25. a4 Rb1 26. Rxb1 Rxb1 27. h3 fxg3 28. fxg3 Rxc1 29. Rxc1 Qg5 30. hxg4 Qe3+ 31. Kg2 Qxc1 32.
Qxc1 Bxc1 33. a5 Be3 34. Nf5+ Kf8 35. Nxe3 Nd7 36. a6 e4 37. Bxe4 1-0

[Event "Late-Titled-Tuesday-Blitz-October-10-2023"]
[Site "Chess.com"]
[Date "2023.10.10"]
[Round "3"]
[White "flukeyNZ"]
[Black "MaxLeto"]
[Result "0-1"]
[WhiteElo "2255"]
[BlackElo "2498"]
[TimeControl "180+1"]
[EndTime "14:26:34 PDT"]
[Termination "MaxLeto won by resignation"]

1. d4 h5 2. e4 h4 3. h3 d5 4. exd5 Qxd5 5. Nc3 Qa5 6. Bc4 c6 7. Nf3 Bf5 8. d5 Nf6 9. O-O g6 10. d6 exd6 11. Re1+ Kd8 12. Bg5 Nd7 13. Ne5 Kc7 14.
Nxf7 Rh5 15. Bf4 Qc5 16. Bf1 Re8 17. Qd2 Ne4 18. Nxe4 Bxe4 19. b4 Qd5 20. Qc3 Qxf7 21. Be3 Bg7 22. Qa3 Bxa1 23. Qa5+ Nb6 24. Rxa1 Rxa5 25.
bxa5 Nd5 26. Bd4 c5 27. Rb1 cxd4 28. c3 Nxc3 29. Rc1 Bd5 0-1

[Event "Late-Titled-Tuesday-Blitz-October-10-2023"]
[Site "Chess.com"]
[Date "2023.10.10"]
[Round "3"]
[White "dodoucb"]
[Black "GMKrikor"]
[Result "0-1"]
[WhiteElo "2478"]
[BlackElo "2791"]
[TimeControl "180+1"]
[EndTime "14:26:35 PDT"]
[Termination "GMKrikor won on time"]

1. d4 Nf6 2. Nf3 g6 3. c4 Bg7 4. Nc3 d5 5. cxd5 Nxd5 6. e4 Nxc3 7. bxc3 c5 8. Rb1 O-O 9. Be2 Qc7 10. O-O b6 11. Be3 Bb7 12. e5 Nc6 13. Qd2 Rad8 14. Bh6 Nxe5 15. Nxe5 Bxe5 16. Bxf8 Bxh2+ 17. Kh1 Rxf8 18. d5 Bf4 19. Qd3 Rd8 20. c4 Be5 21. Rbd1 Qd6 22.
Qe4 Bc8 23. f4 Bd4 24. Bd3 Qf6 25. g3 Kg7 26. Rde1 Re8 27. Qf3 h5 28. f5 g5 29.
Kg2 Rh8 30. Rh1 h4 31. Qg4 Kf8 32. Rh3 Be5 0-1

[Event "Late-Titled-Tuesday-Blitz-October-10-2023"]
[Site "Chess.com"]
[Date "2023.10.10"]
[Round "3"]
[White "Herman-NY"]
[Black "tptagain"]
[Result "0-1"]
[WhiteElo "2549"]
[BlackElo "2879"]
[TimeControl "180+1"]
[EndTime "14:26:37 PDT"]
[Termination "tptagain won by resignation"]

1. e4 c5 2. Nf3 Nc6 3. d4 cxd4 4.
Nxd4 e5 5. Nb5 d6 6. c4 Be6 7. N1c3 a6 8. Na3 Be7 9. Be2 Bg5 10. O-O Nh6 11. Nc2 O-O 12. Kh1 Bxc1 13. Rxc1 f5 14. f4 Rc8 15. b3 exf4 16. Rxf4 Qf6 17. Nd5 Qe5 18. exf5 Nxf5 19. Bf3 Qb2 20. Bg4 Kh8 21. Bxf5 Rxf5 22. Rxf5 Bxf5 23. Nce3 Bg6 24. Nf4 Be4 25. Qe1 Qxa2 26. Nf1 Re8 27. Qh4 Qxb3 28. Re1 Qc3 29. Ng3 Qxe1+ 0-1

[Event "Late-Titled-Tuesday-Blitz-October-10-2023"]
[Site "Chess.com"]
[Date "2023.10.10"]
[Round "3"]
[White "annacramling"]
[Black "GlavkonVVS"]
[Result "0-1"]
[WhiteElo "2215"]
[BlackElo "2527"]
[TimeControl "180+1"]
[EndTime "14:26:37 PDT"]
[Termination "GlavkonVVS won on time"]

1. d4 Nf6 2. c4 e6 3. Nc3 Bb4 4. Qc2 c5 5. dxc5 Bxc5 6. Nf3 O-O 7. Bg5 b6 8. e3 h6 9. Bh4 Bb7 10. Be2 Be7 11. O-O d6 12. Rfd1 Nbd7 13. Nb5 Qb8 14.
Bg3 Ne5 15. Nxe5 dxe5 16. Qc3 Ne4 17. Qxe5 Nxg3 18. Qxg3 Qxg3 19. hxg3 Rfd8 20. Bf3 Bxf3 21. gxf3 a6 22. Nd4 Rac8 23. b3 Bf6 24. Rac1 g6 25. f4 h5 26. Nf3 Kf8 27. Kf1 Bb2 28. Rb1 Ba3 29. Ke2 Ke7 30. Rxd8 Rxd8 31. b4 Rc8 32. Rb3 Bc1 33. Kd1 Rxc4 34. Ne5 Rc7 35. Nd3 Bxe3 36. fxe3 f6 37. a4 g5 38. fxg5 fxg5 39.
Nf2 Rc4 40. e4 a5 41. bxa5 bxa5 42. Rb7+ Kf6 43. e5+ Kf5 44. Rh7 h4 45. gxh4 gxh4 46.
Rh5+ Kg6 47. Rh8 Rxa4 48. Nd3 Kg5 0-1

[Event "Late-Titled-Tuesday-Blitz-October-10-2023"]
[Site "Chess.com"]
[Date "2023.10.10"]
[Round "3"]
[White "Javylavilla"]
[Black "Bala-Afiada"]
[Result "1-0"]
[WhiteElo "2366"]
[BlackElo "1929"]
[TimeControl "180+1"]
[EndTime "14:26:37 PDT"]
[Termination "Javylavilla won by resignation"]

1. e4 c5 2. Nf3 Nc6 3. Bb5 d6 4. c3 Nf6 5. O-O Bg4 6. h3 Bxf3 7. Qxf3 e5 8. d4 cxd4 9. cxd4 a6 10. Ba4 b5 11. d5 Nd4 12. Qd1 bxa4 13. Qxa4+ Qd7 14. Qd1 Nxe4 15. f4 Ng3 16. Re1 Nge2+ 17. Rxe2 Nxe2+ 18. Qxe2 f6 19. Nc3 Be7 20. Bd2 O-O 21. Rf1 Rab8 22. b3 Qa7+ 23. Kh1 Bd8 24. fxe5 fxe5 25. Ne4 Rxf1+ 26.
Qxf1 Qe7 27. Qxa6 Bc7 28. Qc4 Rf8 29. a4 Qf7 30. a5 Qf1+ 31. Qxf1 Rxf1+ 32. Kh2 Ra1 33. b4 Rb1 34. a6 Bb8 35. Kg3 Rb3+ 36. Kg4 Rb2 37. Kf5 Ra2 38. b5 g6+ 39. Ke6 Ra4 40.
Nf6+ Kg7 41. Ne8+ Kf8 42. Nxd6 e4 43. Be3 Ra3 44. Bc5 Rb3 45. Nxe4+ Kg7 46. b6 h6 47. a7 Bxa7 48. bxa7 1-0

[Event "Late-Titled-Tuesday-Blitz-October-10-2023"]
[Site "Chess.com"]
[Date "2023.10.10"]
[Round "3"]
[White "Sofiia_Hryzlova"]
[Black "karinachess1"]
[Result "0-1"]
[WhiteElo "2303"]
[BlackElo "2591"]
[TimeControl "180+1"]
[EndTime "14:26:41 PDT"]
[Termination "karinachess1 won by resignation"]

1. d4 Nf6 2. c4 e6 3. a3 d5 4. e3 Be7 5. Nf3 O-O 6. Nc3 b6 7.
cxd5 exd5 8. Bd3 c5 9. O-O Nc6 10. Ne5 Bb7 11. Nxc6 Bxc6 12. b3 Bd6 13. Bb2 Qe7 14. Rc1 cxd4 15. Ne2 Bd7 16. Bxd4 Bxa3 17. Rc7 Ne8 18. Rc2 Bd6 19. Ng3 g6 20. Qf3 Be6 21. Rfc1 Ng7 22. e4 Bxg3 23. exd5 Bxh2+ 24. Kxh2 Qd6+ 25. Kg1 Bxd5 26. Qe3 Rfe8 27. Qh6 Qf8 28. Rc7 Ne6 29. Qxf8+ Rxf8 30. Rd7 Rfd8 31. Rxd8+ Rxd8 32. Bf6 Ra8 33. b4 a5 34. b5 a4 35. Ra1 a3 36. Be7 a2 37. Kf1 Bxg2+ 38. Kxg2 Nf4+ 39. Kg3 Nxd3 40. Kg4 Nxf2+ 41. Kg5 Ne4+ 42. Kh6 Nc3 43. Bf6 Nxb5 44. Rh1 Nd6 45. Rh5 gxh5 0-1

[Event "Late-Titled-Tuesday-Blitz-October-10-2023"]
[Site "Chess.com"]
[Date "2023.10.10"]
[Round "3"]
[White "baag"]
[Black "mac0504"]
[Result "0-1"]
[WhiteElo "2848"]
[BlackElo "2572"]
[TimeControl "180+1"]
[EndTime "14:26:43 PDT"]
[Termination "mac0504 won on time"]

1. d4 Nf6 2. c4 b6 3. f3 e6 4. e4 Bb4+ 5. Nc3 c5 6. d5 O-O 7. Bd3 Bxc3+ 8. bxc3 Nh5 9. Ne2 f5 10. O-O f4 11. e5 Bb7 12. Be4 Qg5 13. Qd3 Qxe5 14.
Bxh7+ Kh8 15. Be4 exd5 16. cxd5 d6 17. Bd2 Nd7 18. c4 Ndf6 19. Bc3 Qg5 20. Bg6 b5 21. Bxh5 Nxh5 22. cxb5 Bxd5 23. Rad1 Bxa2 24. Qxd6 Bc4 25. Rde1 Rad8 26. Qc7 Rf7 27. Qa5 Re8 0-1

[Event "Late-Titled-Tuesday-Blitz-October-10-2023"]
[Site "Chess.com"]
[Date "2023.10.10"]
[Round "3"]
[White "GHANDEEVAM2003"]
[Black "FrankDux44"]
[Result "1/2-1/2"]
[WhiteElo "3042"]
[BlackElo "2647"]
[TimeControl "180+1"]
[EndTime "14:26:44 PDT"]
[Termination "Game drawn by repetition"]

1. b3 Nf6 2. Bb2 g6 3. g3 Bg7 4. Bg2 O-O 5. c4 c5 6. Nf3 Nc6 7. O-O d6 8. d4 cxd4 9. Nxd4 Bd7 10.
Nc3 Nxd4 11. Qxd4 Bc6 12. Rad1 Bxg2 13. Kxg2 Re8 14. Nd5 Nh5 15. Qd2 Bxb2 16. Qxb2 e6 17. Ne3 Nf6 18. Qd4 d5 19. cxd5 exd5 20. Rd2 Qd6 21.
Rfd1 Re4 22. Qb2 Rae8 23. Nxd5 Nxd5 24. Rxd5 Rxe2 25. Qc3 Qc6 26. Qf3 Rxa2 27. b4 Ree2 28. Rf1 Red2 29. Rxd2 Qxf3+ 30. Kxf3 Rxd2 31. b5 Rb2 32.
Ra1 Rxb5 33. Rxa7 Kg7 34. g4 h5 35. h3 Rb3+ 36. Kg2 hxg4 37. hxg4 b5 38. g5 Rb4 39.
Kg3 Rc4 40. Rb7 Rc5 41. f4 Rf5 42. Rb8 Rc5 43. Kf3 Rc3+ 44. Kg4 Rb3 45. Kh4 Rb1 46. Kg3 b4 47. Kf3 b3 48. Kg2 b2 49. Kh2 f5 50.
gxf6+ Kxf6 51. Kg2 Kf5 52. Rb4 Kg4 53. Rb8 Kxf4 54.
Rb4+ Kg5 55. Rb8 Kf5 56. Rb5+ Ke4 57. Rb8 g5 58. Re8+ Kd5 59. Rd8+ Kc6 60. Rb8 g4 61.
Rb3 g3 62. Rb8 Kc5 63. Rc8+ Kd4 64. Rd8+ Ke3 65. Re8+ Kd4 66. Rd8+ Ke3 67. Re8+ Kd4 68. Rd8+ 1/2-1/2

[Event "Late-Titled-Tuesday-Blitz-October-10-2023"]
[Site "Chess.com"]
[Date "2023.10.10"]
[Round "3"]
[White "josiwales"]
[Black "rasmussvane"]
[Result "0-1"]
[WhiteElo "2741"]
[BlackElo "3002"]
[TimeControl "180+1"]
[EndTime "14:26:45 PDT"]
[Termination "rasmussvane won on time"]

1. e4 c6 2. d4 d5 3. e5 Bf5 4.
h4 h5 5. Nf3 e6 6. c4 Ne7 7. Bg5 Qb6 8. Qd2 Be4 9. c5 Qc7 10. Be2 Nd7 11. Nc3 Bxf3 12. Bxf3 f6 13. exf6 gxf6 14. Bf4 e5 15. dxe5 fxe5 16. Bg5 Nxc5 17.
O-O Ne6 18. Bf6 Rh6 19. Bxe7 Qxe7 20. g3 O-O-O 21. Rac1 Kb8 22. Qe3 Bg7 23. Bg2 e4 24. Ne2 Rg6 25. Qb3 Nd4 26. Nxd4 Bxd4 27. Rfe1 Rdg8 28.
Kf1 Rxg3 29. fxg3 Qf6+ 30. Ke2 Qf2+ 31. Kd1 Qxg2 32. Rxc6 Rxg3 33. Qb4 Rd3+ 34. Kc1 Qxb2+ 35. Qxb2 Bxb2+ 0-1

[Event "Late-Titled-Tuesday-Blitz-October-10-2023"]
[Site "Chess.com"]
[Date "2023.10.10"]
[Round "3"]
[White "NCchamp"]
[Black "HajiyevKanan"]
[Result "0-1"]
[WhiteElo "2289"]
[BlackElo "2569"]
[TimeControl "180+1"]
[EndTime "14:26:47 PDT"]
[Termination "HajiyevKanan won on time"]

1. e4 c6 2. d4 d5 3. e5 a6 4.
h4 h5 5. Nf3 Bg4 6. Bd3 e6 7. Bg5 Qb6 8. Nbd2 c5 9. dxc5 Bxc5 10. O-O Nc6 11. Qe2 Nd4 12. Qd1 Ne7 13. c3 Nxf3+ 14.
Nxf3 Nf5 15. b4 Be7 16. Bxf5 Bxg5 17. Bxg4 hxg4 18. Nxg5 Rxh4 19. Qd4 Qd8 20. Qf4 Qe7 21. g3 Rh5 22. Nxf7 Qxf7 23. Qxg4 O-O-O 24. Kg2 Rxe5 25.
Rae1 Rf5 26. Re2 Rf8 27. c4 e5 28. c5 e4 29. Rc1 Kb8 30. Rcc2 Ka7 31. a4 Rh5 32. b5 Qf3+ 33. Qxf3 exf3+ 34. Kf1 fxe2+ 35. Kxe2 Re5+ 36. Kd3 Rf3+ 37. Kd4 Ref5 38. b6+ Kb8 39. c6 Rxf2 40. c7+ Kc8 41. Rc1 Rd2+ 42. Ke3 Ra2 43. Rh1 Ra3+ 44. Kd4 Rxa4+ 45. Kc3 Rc4+ 46. Kd3 Rf3+ 47.
Kd2 Rf8 48. Rh7 Rg8 49. Rh5 Rc6 0-1

[Event "Late-Titled-Tuesday-Blitz-October-10-2023"]
[Site "Chess.com"]
[Date "2023.10.10"]
[Round "3"]
[White "Artyom_ChessMate"]
[Black "AleksandrAleksikov"]
[Result "1-0"]
[WhiteElo "2505"]
[BlackElo "2257"]
[TimeControl "180+1"]
[EndTime "14:26:47 PDT"]
[Termination "Artyom_ChessMate won on time"]

1. e4 c5 2. Nc3 Nc6 3. Bb5 g6 4. Bxc6 dxc6 5. d3 Bg7 6. f4 e5 7. Nf3 exf4 8. O-O g5 9. g3 g4 10. Bxf4 gxf3 11. Qxf3 Be6 12. e5 Qd4+ 13. Kg2 Qxc3 14.
bxc3 Bd5 15. c4 Bxf3+ 16. Kxf3 Ne7 17. Ke4 Ng6 18. Rab1 b6 19. a4 O-O-O 20. a5 Rd4+ 21. Ke3 Kb7 22. axb6 axb6 23. c3 Rdd8 24. d4 cxd4+ 25. cxd4 Rhe8 26. Ke4 f6 27. Be3 fxe5 28. d5 cxd5+ 29. cxd5 Rd6 30. Bc5 Bf8 31. Rxf8 Nxf8 32. Bxd6 Nd7 33. Rf1 Rc8 34. Rf7 Rc4+ 35. Ke3 Kc8 36. Rxh7 Rd4 37. Rh8+ Kb7 38. Rh7 Kc8 39. Bxe5 Rxd5 40. Bd4 b5 41. Ke4 Rd6 42. Rh5 b4 43.
Rb5 Rh6 44. h4 Rg6 45. Kf4 Nb8 46. h5 Ra6 47. Rxb4 Nc6 48. Rc4 Kd7 49. g4 1-0

[Event "Late-Titled-Tuesday-Blitz-October-10-2023"]
[Site "Chess.com"]
[Date "2023.10.10"]
[Round "3"]
[White "DonBroca"]
[Black "komogro"]
[Result "1/2-1/2"]
[WhiteElo "2220"]
[BlackElo "2429"]
[TimeControl "180+1"]
[EndTime "14:26:47 PDT"]
[Termination "Game drawn by repetition"]

1. e4 g6 2. d4 Bg7 3. Nf3 d6 4. c4 a6 5. Nc3 Nc6 6. h3 e5 7. Be3 Nf6 8. d5 Ne7 9. Be2 Nh5 10. Qd2 O-O 11. g3 f5 12. Bh6 f4 13. Bxg7 Kxg7 14.
g4 Nf6 15. O-O-O b5 16. Bd3 Rb8 17. Rde1 c5 18. cxb5 axb5 19. Bxb5 Qa5 20. a4 Ba6 21. b3 Nc8 22. Ng5 Bxb5 23. Nxb5 Rxb5 24. axb5 Qa1+ 25.
Kc2 Qa2+ 26. Kc3 Qa5+ 27. Kb2 Qxb5 28. Ne6+ Kf7 29. Nxf8 Nb6 30. Ne6 Nc4+ 31. Kc3 Qb4+ 32. Kd3 Qxd2+ 33. Kxc4 Qc2+ 34. Kb5 Qxb3+ 35. Kc6 Ke7 36.
Rb1 Qa4+ 37. Rb5 Nd7 38. Rb1 c4 39. Kc7 c3 40. Rb7 c2 41. Rc1 Qa5+ 42. Kc8 Qd2 43. Rxd7+ Ke8 44. Rd8+ Kf7 45. Rd7+ Kg8 46. Rd8+ Kf7 47.
Rd7+ Ke8 48. Rd8+ Ke7 49. Rd7+ Ke8 1/2-1/2

[Event "Late-Titled-Tuesday-Blitz-October-10-2023"]
[Site "Chess.com"]
[Date "2023.10.10"]
[Round "3"]
[White "AlexandraBotez"]
[Black "biostatistician"]
[Result "0-1"]
[WhiteElo "2286"]
[BlackElo "2544"]
[TimeControl "180+1"]
[EndTime "14:26:51 PDT"]
[Termination "biostatistician won by resignation"]

1. d4 Nf6 2. c4 g6 3. Nc3 Bg7 4. e4 d6 5. f3 O-O 6. Be3 c5 7. d5 e6 8. Bd3 exd5 9. cxd5 a6 10. a4 Nbd7 11. Nge2 Ne5 12. O-O Bd7 13. a5 Rb8 14. h3 Nh5 15. f4 Nxd3 16. Qxd3 f5 17. e5 dxe5 18. Bxc5 Re8 19. Bd6 Rc8 20. fxe5 Bxe5 21. Bxe5 Rxe5 22. Rfd1 Qg5 23. Kh1 Re3 24. Qd4 f4 25. Ng1 Ng3+ 26. Kh2 Nf5 27. Qd2 Rf8 28.
Rf1 Nh4 29. Nf3 Qg3+ 30. Kh1 Nxf3 31. Rxf3 Rxf3 32. gxf3 Qxh3+ 33. Kg1 Qxf3 34. Qg2 Qe3+ 35. Qf2 Qh3 36. Qg2 Qf5 37. Re1 f3 38. Qg3 f2+ 0-1

[Event "Late-Titled-Tuesday-Blitz-October-10-2023"]
[Site "Chess.com"]
[Date "2023.10.10"]
[Round "3"]
[White "WPWPWP-2015"]
[Black "Ishowmoves57"]
[Result "1-0"]
[WhiteElo "2525"]
[BlackElo "2167"]
[TimeControl "180+1"]
[EndTime "14:26:51 PDT"]
[Termination "WPWPWP-2015 won by resignation"]

1. d4 Nf6 2. c4 e6 3. Nf3 d5 4. Nc3 Bb4 5. Qc2 O-O 6. Bf4 c6 7. e3 Ne4 8. Bd3 Qa5 9. Bxe4 dxe4 10. Nd2 f5 11. O-O Nd7 12. c5 Qd8 13. Bd6 Re8 14. Nc4 Nf6 15. Ne2 Ba5 16. f4 Nd5 17. Qb3 b5 18.
Ne5 Bd7 19. g3 Bc7 20. Rac1 Bxd6 21. cxd6 Rc8 22. a4 Rf8 23. axb5 cxb5 24. Ra1 a5 25. Kf2 a4 26. Qd1 Be8 27. Rc1 Rxc1 28. Qxc1 Qxd6 29.
Qc5 Qe7 30. Rc1 Bf7 31. Qxe7 Nxe7 32. Rc7 Nd5 33. Rb7 Be8 34. Nc1 b4 35. Na2 Bc6 36.
Nxc6 b3 37. Nab4 a3 38. bxa3 Nxb4 39. Rxb4 Rc8 40. Ne7+ Kf7 41. Nxc8 Kf6 42. Nd6 1-0

[Event "Late-Titled-Tuesday-Blitz-October-10-2023"]
[Site "Chess.com"]
[Date "2023.10.10"]
[Round "3"]
[White "PatzerSmashers"]
[Black "GMJustin"]
[Result "0-1"]
[WhiteElo "2391"]
[BlackElo "2177"]
[TimeControl "180+1"]
[EndTime "14:26:51 PDT"]
[Termination "GMJustin won on time"]

1. d4 Nf6 2. c4 e6 3. Nc3 Bb4 4. e3 O-O 5. Bd3 c5 6. Nf3 d5 7. O-O Nc6 8. cxd5 exd5 9. dxc5 Bg4 10. Bd2 Bxc5 11. h3 Bxf3 12. Qxf3 Ne5 13. Qe2 d4 14.
exd4 Bxd4 15. Bc2 Re8 16. Qb5 a6 17. Qb3 b5 18. Rad1 Qb6 19. Bg5 Nc4 20. Na4 Qa7 21.
Nc3 h6 22. Bh4 Rac8 23. Kh1 Nxb2 24. Bxf6 Bxf6 25. Nd5 Nxd1 0-1

[Event "Late-Titled-Tuesday-Blitz-October-10-2023"]
[Site "Chess.com"]
[Date "2023.10.10"]
[Round "3"]
[White "KorolDimitriy75"]
[Black "filipluczak05"]
[Result "1/2-1/2"]
[WhiteElo "2419"]
[BlackElo "2601"]
[TimeControl "180+1"]
[EndTime "14:26:52 PDT"]
[Termination "Game drawn by repetition"]

1. d4 g6 2. c4 Bg7 3. Nf3 d6 4. Nc3 e5 5. e4 Nc6 6. d5 Nce7 7. Be2 f5 8. exf5 gxf5 9. Ng5 Nf6 10. Bh5+ Ng6 11.
Nxh7 Nxh7 12. Bxg6+ Kf8 13. Bxh7 Rxh7 14. Qe2 Bd7 15. Bd2 Qf6 16. O-O-O a6 17. Kb1 b5 18. cxb5 axb5 19. Nxb5 Rb8 20. a4 Rh4 21. f4 Ra8 22. g3 Rh8 23. Qc4 Ke7 24. Bc3 Rhb8 25. Rhe1 Rxa4 26. Qxa4 Rxb5 27. Qa7 Qg6 28. fxe5 f4+ 29.
Ka1 Qc2 30. exd6+ Kxd6 31. Bxg7 Bg4 32. Bf8+ Kd7 33. Re7+ Kd8 34. Qa8+ Bc8 35. Re8+ Kxe8 36. Qxc8+ Kf7 37. Qe6+ Kxf8 38. Qf6+ Kg8 39. Qg5+ Kh7 40. Qh5+ Kg7 41. Qe5+ Kh7 42. Qh5+ Kg7 43. Qe5+ Kh7 44. Qh5+ 1/2-1/2

[Event "Late-Titled-Tuesday-Blitz-October-10-2023"]
[Site "Chess.com"]
[Date "2023.10.10"]
[Round "3"]
[White "TanitoluwaAps116"]
[Black "jcibarra"]
[Result "1-0"]
[WhiteElo "2701"]
[BlackElo "2896"]
[TimeControl "180+1"]
[EndTime "14:26:55 PDT"]
[Termination "TanitoluwaAps116 won by resignation"]

1. e4 c5 2. Nf3 Nc6 3. Bb5 e6 4. Bxc6 bxc6 5. b3 d6 6. e5 f6 7. exd6 Bxd6 8. O-O e5 9. Nc3 Ne7 10. Ne4 O-O 11. Ba3 Ng6 12. c3 f5 13. Nxd6 Qxd6 14. d4 e4 15. Bxc5 Qf6 16. Bxf8 exf3 17. Bc5 fxg2 18.
Re1 Be6 19. c4 Nf4 20. Qf3 Qh6 21. Re3 Bf7 22. Rae1 Bh5 23. Qg3 g5 24. Re5 Bg4 25.
Re8+ Rxe8 26. Rxe8+ Kf7 27. Re7+ Kf6 28. Qe3 Kg6 29.
Bd6 Kh5 30. Bxf4 gxf4 31. Qe6 Qg6 32. Qxg6+ hxg6 33. d5 cxd5 34. cxd5 Bf3 35. d6 Bc6 36. d7 1-0

[Event "Late-Titled-Tuesday-Blitz-October-10-2023"]
[Site "Chess.com"]
[Date "2023.10.10"]
[Round "3"]
[White "Harsha_Bharathakoti"]
[Black "Ykow"]
[Result "1-0"]
[WhiteElo "2907"]
[BlackElo "2506"]
[TimeControl "180+1"]
[EndTime "14:26:55 PDT"]
[Termination "Harsha_Bharathakoti won by checkmate"]

1. e4 e5 2. Nf3 Nc6 3. Bb5 Nf6 4.
Bxc6 dxc6 5. d3 Bc5 6. Nbd2 Nd7 7. Nb3 Bb6 8. O-O O-O 9. Qe1 a5 10. a4 f6 11. Bd2 Qe7 12. Nxa5 Nc5 13. h3 Be6 14. b3 Qf7 15. Nc4 Ba7 16. Be3 Qh5 17.
Nh2 Bxc4 18. dxc4 Qg6 19. Bxc5 Bxc5 20. Qe2 Rfd8 21. Rfd1 Qg3 22. b4 Ba7 23. c5 Qc3 24. Rab1 b6 25. cxb6 Bxb6 26. a5 Ba7 27. Nf3 c5 28. Rb3 Rxd1+ 29. Qxd1 Qc4 30. b5 Qxe4 31. b6 cxb6 32. axb6 Bb8 33. Qd8+ Kf7 34. Qd7+ Kg6 35. Qe8+ Kh6 36. b7 Ra1+ 37. Kh2 Qf4+ 38. g3 Qc1 39. g4 Qf4+ 40. Kg2 e4 41. Qh5# 1-0